 Dungeon Crawl Stone Soup version 0.28.0-53-g5a82cb258f (webtiles) character file.

Game seed: 7381744858767560753

4 Ashen the Chiller (level 1, -1/13 HPs)
             Began as a Demonspawn Ice Elementalist on July 13, 2022.
             Slain by a rat (2 damage)
             ... on level 1 of the Dungeon.
             The game lasted 00:00:54 (58 turns).

Ashen the Chiller (Demonspawn Ice Elementalist)       Turns: 58, Time: 00:00:54

Health: -1/13      AC:  2    Str:  8    XL:     1   Next: 58%
Magic:  0/3        EV: 12    Int: 16    God:
Gold:   13         SH:  0    Dex: 13    Spells: 3/4 levels left

rFire   . . .      SeeInvis .   (no weapon)
rCold   . . .      Faith    .   (no shield)
rNeg    . . .      Spirit   .   a - +0 robe
rPois   .          Reflect  .   (no helmet)
rElec   .          Harm     .   (no cloak)
rCorr   .          Rampage  .   (no gloves)
Will    .....                   (no boots)
Stlth   ++........              (no amulet)
HPRegen 0.04/turn               (no ring)
MPRegen 0.08/turn               (no ring)

@: no status effects
A: no striking features
a: no special abilities


You were on level 1 of the Dungeon.
You visited 1 branch of the dungeon, and saw 1 of its levels.

You collected 13 gold pieces.

Inventory:

Armour
 a - a +0 robe (worn)


   Skills:
 + Level 0.2 Fighting
 + Level 1.8 Dodging
 + Level 1.9 Stealth
 + Level 2.0 Spellcasting
 + Level 3.6 Ice Magic


You had 3 spell levels left.
You knew the following spells:

 Your Spells              Type           Power      Damage    Failure   Level
a - Freeze                Ice            52%        1d7       4%          1

Your spell library contained the following spells:

 Spells                   Type           Power      Damage    Failure   Level
 Frozen Ramparts          Ice            26%        1d4       14%         3
 Ozocubu's Armour         Ice            13%        N/A       14%         3
 Hailstorm                Conj/Ice       7%         3d4       67%         4


Dungeon Overview and Level Annotations

Branches:
Dungeon (1/15)

Altars:


Message History

The ball python barely misses you. The ball python closely misses you.
The jackal stops to sniff the ground.
The bat hits you but does no damage.
The ball python bites you but does no damage.
The ball python barely misses you. The bat misses you.
The bat barely misses you. The bat closely misses you.
A rat comes into view.
Found a scroll labelled YFYHEATH SAINAECK.
The bat closely misses you. The bat hits you but does no damage.
The rat moves out of view.
A rat and a goblin come into view.
Found 2 fizzy red potions, 26 gold pieces and a ring mail.
The goblin shouts!
The bat misses you.
Found 10 gold pieces.
The frilled lizard hisses angrily.
The bat completely misses you.
Found a scroll labelled RECOZA COSSAPP.
The rat completely misses you.
You hit the goblin.
The goblin is moderately wounded.
The bat hits you but does no damage. The goblin hits you but does no damage.
The rat bites you but does no damage.
Found 15 gold pieces.
The bat misses you. The rat barely misses you. The goblin barely misses you.
The endoplasm closely misses you. The rat closely misses you.
Casting: Freeze (safe; 4% risk of failure)
Confirm with . or Enter, or press ? or * to list all spells.
Aiming: Freeze (safe; 4% risk of failure)
Press: ? - help, Shift-Dir - straight line, f - endoplasm
Aim: an endoplasm You freeze the endoplasm.
The endoplasm is lightly wounded.
The bat closely misses you. The rat closely misses you.
The goblin closely misses you. The endoplasm freezes you.
You are frozen.
* * * LOW HITPOINT WARNING * * *
The rat bites you.
You die...

#..####.##.##.###.##.#
... #S##.##.#....#.#
.#. #†##.##.#.####.# .
...J.##.#.####.#
......##.#....#.#
.............JBJg#
...#.##.####J####S#
....#.#
.#$#.Jg#b#h#######
.....#.g
##..#@S##........
#...lrr.#..######
#...#..$#hSg.#
#.#.......#..!..#
##..#..##.....#
#[#.?.#$#.....#
####.####...### ...
..... ##. ....##


You could see 2 endoplasms, a jackal, a hobgoblin, a goblin, a bat, 2 ball
pythons, a frilled lizard and 2 rats.

Vanquished Creatures
  A ball python (D:1)
  An endoplasm (D:1)
  A goblin (D:1)
  A rat (D:1)
4 creatures vanquished.

Notes
Turn   | Place    | Note
-------+----------+-------------------------------------------
     0 | D:1      | Ashen the Demonspawn Ice Elementalist began the quest for
                  | the Orb.
     0 | D:1      | Reached XP level 1. HP: 13/13 MP: 3/3
    58 | D:1      | Slain by a rat

Illustrated notes

Levels and vault maps discovered:
D:1:      ldierk_water_garden, layout_basic, basic_ecumenical_altar,
          minmay_nonomino_d4

Action                   || total
-------------------------++-------
Melee: Unarmed           ||     8
 Cast: Freeze            ||     6
 Stab: Sleeping          ||     1
Armor: Robe              ||    14
Dodge: Dodged            ||    39
